 Dungeon Crawl Stone Soup version 0.21.1-1-g345015f (webtiles) character file.

15 tidbits the Sneak (level 2, -1/20 HPs)
             Began as a Gnoll Enchanter on June 17, 2018.
             Slain by a kobold
             ... wielding a +0 short sword
              (5 damage)
             ... on level 1 of the Dungeon.
             The game lasted 00:02:36 (159 turns).

tidbits the Sneak (Gnoll Enchanter)                  Turns: 159, Time: 00:02:37

Health: -1/20      AC:  2    Str: 10    XL:     2   Next: 50%
Magic:  4/7        EV: 14    Int: 22    God:
Gold:   12         SH:  0    Dex: 15    Spells: 7/10 levels left

rFire    . . .     SeeInvis .   a - +1 dagger
rCold    . . .     Gourm    .   (no shield)
rNeg     . . .     Faith    .   b - +0 robe
rPois    .         Spirit   .   (no helmet)
rElec    .         Reflect  .   (no cloak)
rCorr    .         Harm     .   (no gloves)
MR       .....                  (no boots)
Stlth    +++.......             (no amulet)
HPRegen  0.06/turn              (no ring)
MPRegen  0.10/turn              (no ring)

@: brilliant
A: distributed training, fangs 1, strong nose
a: no special abilities


You were on level 1 of the Dungeon.
You were not hungry.

You visited 1 branch of the dungeon, and saw 2 of its levels.

You collected 12 gold pieces.

Inventory:

Hand Weapons
 a - a +1 dagger (weapon)
Missiles
 f - 26 arrows
Armour
 b - a +0 robe (worn)
 h - a +0 cloak
Scrolls
 e - a scroll of identify {unknown}
 g - a scroll of fear {unknown}
 i - a scroll of fog {unknown}
 j - a scroll of teleportation {unknown}
Books
 c - a book of Maledictions

   Spells                             Type                      Level
   a - Corona                         Hexes                        1
   b - Ensorcelled Hibernation        Hexes/Ice                    2
   c - Confuse                        Hexes                        3
   d - Tukima's Dance                 Hexes                        3
   e - Dazzling Spray                 Conjuration/Hexes            3
Comestibles
 d - 2 rations


   Skills:
 + Level 0.4 Fighting
 + Level 2.5 Short Blades
 + Level 0.4 Long Blades
 + Level 0.4 Axes
 + Level 0.4 Maces & Flails
 + Level 0.4 Polearms
 + Level 0.4 Staves
 + Level 0.4 Slings
 + Level 0.4 Bows
 + Level 0.4 Crossbows
 + Level 0.4 Throwing
 + Level 0.4 Armour
 + Level 4.5 Dodging
 + Level 5.9 Stealth
 + Level 0.4 Shields
 + Level 0.4 Unarmed Combat
 + Level 4.9 Spellcasting
 + Level 0.2 Conjurations
 + Level 5.3 Hexes
 + Level 0.2 Charms
 + Level 0.2 Summonings
 + Level 0.2 Necromancy
 + Level 0.2 Translocations
 + Level 0.2 Transmutations
 + Level 0.2 Fire Magic
 + Level 0.2 Ice Magic
 + Level 0.2 Air Magic
 + Level 0.2 Earth Magic
 + Level 0.2 Poison Magic
 + Level 0.5 Invocations
 + Level 0.4 Evocations


You had 7 spell levels left.
You knew the following spells:

 Your Spells              Type           Power        Failure   Level  Hunger
a - Corona                Hex            #####..      1%          1    None
e - Ensorcelled Hibernat  Hex/Ice        ####..       1%          2    None


Dungeon Overview and Level Annotations

Branches:
Dungeon (2/15)

Altars:

Annotations:
D:2 Robin


Innate Abilities, Weirdness & Mutations

Your experience applies equally to all skills.
You have very sharp teeth.
Your uncanny sense of smell can sniff out nearby items.


Message History

Casting: Corona
Confirm with . or Enter, or press ? or * to list all spells.
Aiming: Corona
Press: ? - help, Shift-Dir - straight line, f - kobold
Aim: a kobold, wielding a dagger (chance to defeat MR: 77%)
The kobold is outlined in light.
You hit the kobold but do no damage. The kobold hits you but does no damage.
You barely miss the kobold. The kobold hits you but does no damage.
You barely miss the kobold. The kobold barely misses you.
You barely miss the kobold. The kobold barely misses you.
You hit the kobold but do no damage. The kobold hits you with a dagger.
* * * LOW HITPOINT WARNING * * *
You hit the kobold. Your bite misses the kobold.
The kobold is heavily wounded.
The kobold completely misses you.
You hit the kobold.
You kill the kobold!
Memorise Ensorcelled Hibernation, consuming 2 spell levels and leaving 7?
You start memorising the spell.
You continue memorising. x2
You finish memorising.
Spell assigned to 'e'.
Things that are here:
a dagger; a kobold corpse A hobgoblin comes into view.
It is wielding a club.
You see here 3 gold pieces.
You now have 12 gold pieces (gained 3).
Casting: Corona
Confirm with . or Enter, or press ? or * to list all spells.
Aiming: Ensorcelled Hibernation
Press: ? - help, Shift-Dir - straight line, f - hobgoblin
Aim: a hobgoblin, wielding a club (chance to defeat MR: 62%)
The hobgoblin looks drowsy...
The helpless hobgoblin fails to defend itself.
You impale the hobgoblin!!
You kill the hobgoblin!
A goblin comes into view. It is wielding a club.
The helpless goblin fails to defend itself.
You impale the goblin!!
You kill the goblin!
Okay, then.
A bat comes into view.
Found a stone staircase leading down.
Unknown command.
Found a stone staircase leading down.
The bat closely misses you. The bat barely misses you.
Unknown command.
Casting: Ensorcelled Hibernation
Confirm with . or Enter, or press ? or * to list all spells.
Aiming: Corona
Press: ? - help, Shift-Dir - straight line, f - bat
Aim: a bat (chance to defeat MR: 77%)
The bat is outlined in light.
The bat barely misses you.
You hit the bat.
You kill the bat!
There is a stone staircase leading down here.
You climb downwards. 2 goblins come into view.
Found a stone staircase leading down and a stone staircase leading up.
There is a stone staircase leading up here.
The helpless goblin fails to defend itself.
You impale the goblin!!
You kill the goblin! 6 goblins and Robin come into view.
The goblin shouts! x2; Robin shouts!
The goblin shouts!
You hear a shout!
The goblin shouts!
Robin roars a battlecry!
The goblins go into a battle-frenzy!
The goblin shouts!
You hear a shout!
The goblin hits you.
* * * LOW HITPOINT WARNING * * *
There is a stone staircase leading up here.
You climb upwards.
There is a stone staircase leading down here.
Unknown command.
Found a scroll labeled FUNULL IDIREG.
You see here a bat corpse.
A kobold comes into view. It is wielding a whip.
Found a stone staircase leading down.
You see here a scroll labeled XAOVIT SUFOCE.
i - a scroll labeled XAOVIT SUFOCE 2 kobolds come into view.
The kobold shouts!
Found an amethyst potion.
You see here a scroll labeled FUNULL IDIREG.
j - a scroll labeled FUNULL IDIREG The kobold throws a stone.
The stone barely misses you.
You see here a stone.
You see here an amethyst potion.
It was a potion of brilliance.
You feel clever all of a sudden.
Casting: Corona
Confirm with . or Enter, or press ? or * to list all spells.
Aiming: Corona
Press: ? - help, Shift-Dir - straight line, f - kobold
Aim: a kobold, wielding a short sword (chance to defeat MR: 89%)
The kobold is outlined in light.
The kobold shouts!
You hit the kobold but do no damage. The kobold barely misses you.
You closely miss the kobold. The kobold hits you with a short sword.
You die...

########### ####
..........####....... #..
#@.# ..#....... .. .. ###
..##.K##..#...K... #.##. ...
#..##.)# #.......
....#####.###..##.K###.......
#.....##....##<.##......K..
#.....# #.(.##..##K(...###
#...).###[##..##..##..##
#......##.##..##..##..#
#....†.##...##..##....####


You could see 3 kobolds.

Vanquished Creatures
  A leopard gecko (D:1)
  3 goblins
  A hobgoblin (D:1)
  3 kobolds (D:1)
  2 ball pythons (D:1)
  A bat (D:1)
  A frilled lizard (D:1)
  2 rats (D:1)
14 creatures vanquished.

Notes
Turn   | Place    | Note
-------+----------+-------------------------------------------
     0 | D:1      | tidbits the Gnoll Enchanter began the quest for the Orb.
     0 | D:1      | Reached XP level 1. HP: 13/13 MP: 6/6
    66 | D:1      | Reached XP level 2. HP: 11/19 MP: 3/7
    91 | D:1      | Learned a level 2 spell: Ensorcelled Hibernation
   132 | D:2      | Noticed Robin
   159 | D:1      | Slain by a kobold

Action                   || total
-------------------------++-------
Melee: Dagger            ||    30
       Bite              ||     3
 Cast: Corona            ||    12
       Ensorcelled Hiber ||     1
  Use: Potion            ||     1
 Stab: Sleeping          ||     3
Armor: Robe              ||     3
Dodge: Dodged            ||    23

Table legend:
 A = Turns spent in this place as a percentage of turns spent in the entire game.
 B = Non-inter-level travel turns spent in this place as a percentage of non-inter-level travel turns spent in the entire game.
 C = Inter-level travel turns spent in this place as a percentage of turns spent in this place.
 D = Turns resting spent in this place as a percentage of non-inter-level travel turns spent in this place.
 E = Turns spent auto-exploring this place as a percentage of non-inter-level travel turns spent in this place.
 F = Non-inter-level travel turns spent in this place divided by the number of levels of this place that you've seen.
                   A       B       C       D       E      F
               +-------+-------+-------+-------+-------+----------------------
         Total | 100.0 | 100.0 |   0.0 |   0.0 |   0.0 |  79.5
       Dungeon | 100.0 | 100.0 |   0.0 |   0.0 |   0.0 |  79.5
               +-------+-------+-------+-------+-------+----------------------

Table legend:
 A = Kills in this place as a percentage of kills in entire the game.
 B = Kills by you in this place as a percentage of kills by you in the entire game.
 C = Kills by friends in this place as a percentage of kills by friends in the entire game.
 D = Other kills in this place as a percentage of other kills in the entire game.
 E = Experience gained in this place as a percentage of experience gained in the entire game.
 F = Experience gained in this place divided by the number of levels of this place that you have seen.
                   A       B       C       D       E      F
               +-------+-------+-------+-------+-------+----------------------
         Total | 100.0 | 100.0 |   N/A |   N/A | 100.0 |  11.0
       Dungeon | 100.0 | 100.0 |   N/A |   N/A | 100.0 |  11.0
               +-------+-------+-------+-------+-------+----------------------

Vault maps used:
D:1:      lightli_iron_boxes, hangedman_glass_garden
D:2:      hangedman_abyss_or_decor_stabs, uniq_natasha, uniq_robin, uniq_terence
